[Event "*** Titled Tuesday 3|2 Blitz (Early)"]
[Site "Chess.com"]
[Date "2016.12.06"]
[Round "4"]
[White "kikydu96"]
[Black "bugsbunny444"]
[Result "0-1"]
[WhiteElo "2326"]
[BlackElo "2405"]
[TimeControl "180+2"]
[EndTime "11:49:50 PST"]
[Termination "bugsbunny444 won by resignation"]

1. e4 e6 2. d4 d5 3. c3 dxe4 4. f3 Nf6 5. fxe4 Nxe4 6. Qf3 Nf6 7.
Bd3 c5 8. Ne2 Nc6 9. Be3 Qd5 10.
Nd2 Qxf3 11. Nxf3 Nd5 12. Bf2 cxd4 13. Nexd4 Bd7 14. O-O-O Bd6 15. Nb5 Bf4+ 16. Kb1 a6 17. Na3 Ne5 18. Nxe5 Bxe5 19. Rhe1 Bc7 20. Be4 O-O-O 21.
Nc4 Bc6 22. g3 Nxc3+ 23. bxc3 Bxe4+ 24. Kb2 Rxd1 25. Rxd1 Rd8 26. Rxd8+ Kxd8 27. Bd4 f6 28. Nb6 h5 29. c4 h4 30. gxh4 Bxh2 31. Na4 Bc6 32.
Nc5 Ke7 33. Kc3 Bg3 34. h5 Bf3 35. Kb4 Bd6 36. Ka5 Bc7+ 37. Kb4 e5 38. Be3 Bc6 39. a4 f5 40. Bg5+ Kf7 41. Nd3 Ke6 42. Nc5+ Kf7 43.
Nd3 f4 44. c5 Ke6 45. Kc4 Kf5 46. Be7 e4 47. Nb2 f3 48. Nd1 Bf4 49. Bd6 e3 0-1

[Event "*** Titled Tuesday 3|2 Blitz (Early)"]
[Site "Chess.com"]
[Date "2016.12.06"]
[Round "4"]
[White "Pierrebl"]
[Black "popov_m"]
[Result "1-0"]
[WhiteElo "2476"]
[BlackElo "2301"]
[TimeControl "180+2"]
[EndTime "11:49:55 PST"]
[Termination "Pierrebl won by resignation"]

1. e4 e6 2. d4 d5 3. Nd2 c5 4.
Ngf3 cxd4 5. Nxd4 Nf6 6. Bd3 Bc5 7. N4b3 Be7 8. O-O Nc6 9. exd5 exd5 10. Nf3 O-O 11.
h3 h6 12. Re1 Re8 13. Bf4 Bd7 14. c3 Qb6 15. Be3 Qc7 16. Nbd4 Rad8 17. Qc2 a6 18. Rad1 Bf8 19. Nxc6 Bxc6 20. Nd4 Bd7 21. Qb3 Bc8 22. Nf5 Bxf5 23. Bb6 Qxb6 24. Qxb6 Bxd3 25. Rxe8 Rxe8 26. Rxd3 Re1+ 27. Kh2 Ne4 28. Rxd5 Kh7 29. f3 Nf6 30. Rd3 h5 31. Qxb7 Bc5 32. h4 Bf2 33. Qxf7 Bxh4 34. Rd5 Bf2 35. Rxh5+ Nxh5 36. Qxh5+ Kg8 37. Qd5+ Kh7 38. Qd3+ Kg8 39. g4 Bh4 40. Kh3 Be7 41. f4 Rh1+ 42. Kg2 Rh6 43. Qd5+ Kf8 44. g5 Rd6 45. Qa8+ Kf7 46. Kf3 Rd2 47. Qxa6 Rxb2 48. g6+ Ke8 49. Qc8+ Bd8 50. Qe6+ Be7 51. Qf7+ Kd7 52.
Qxg7 1-0

[Event "*** Titled Tuesday 3|2 Blitz (Early)"]
[Site "Chess.com"]
[Date "2016.12.06"]
[Round "4"]
[White "Schemato"]
[Black "Divertissement"]
[Result "1-0"]
[WhiteElo "2303"]
[BlackElo "2430"]
[TimeControl "180+2"]
[EndTime "11:50:04 PST"]
[Termination "Schemato won by resignation"]

1. c4 Nf6 2. Nc3 c5 3. g3 g6 4. Bg2 Bg7 5. Nf3 O-O 6. d4 d6 7. O-O Nc6 8. b3 Ng4 9. e3 e5 10. dxc5 e4 11. Bb2 exf3 12. Bxf3 Qa5 13. Bxg4 Bxc3 14. Bxc3 Qxc3 15. cxd6 Bxg4 16. Qxg4 Qf6 17. Rfd1 Rad8 18. c5 b6 19. b4 h5 20. Qe4 Ne5 21.
Rd5 Nf3+ 22. Kg2 Qxa1 23. Qxf3 bxc5 24. bxc5 Qc3 25. d7 Kg7 26. e4 Qf6 27. Rd6 Qe5 28. Qe3 h4 29. f4 h3+ 30. Kxh3 Rh8+ 31. Kg2 Qb2+ 32. Qd2 Qxd2+ 33. Rxd2 Kf6 34. c6 Ke7 35. e5 a5 36. g4 a4 37. f5 gxf5 38. gxf5 Rhg8+ 39.
Kf3 Rg1 40. c7 Rgg8 41. cxd8=Q+ Kxd8 42. e6 fxe6 43. fxe6 Rg7 44. Kf4 Rh7 45. Ke5 a3 46. Rc2 Ke7 47. Rc8 Rh5+ 48. Kf4 Rh4+ 49. Kg3 Rd4 50.
d8=Q+ Rxd8 51. Rxd8 Kxd8 52. Kf4 Ke7 53. Ke5 1-0

[Event "*** Titled Tuesday 3|2 Blitz (Early)"]
[Site "Chess.com"]
[Date "2016.12.06"]
[Round "4"]
[White "calemcc"]
[Black "ulises2013"]
[Result "0-1"]
[WhiteElo "2124"]
[BlackElo "2275"]
[TimeControl "180+2"]
[EndTime "11:50:15 PST"]
[Termination "ulises2013 won by checkmate"]

1. d4 g6 2. c4 Bg7 3. Nc3 c5 4. Nf3 cxd4 5. Nxd4 Nc6 6. e3 Nf6 7.
Be2 O-O 8. O-O d6 9. Bf3 Bd7 10. b3 Rc8 11. Bb2 a6 12. Rc1 Qb6 13. Qd2 Ne5 14.
Be2 Nc6 15. Rfd1 Rfd8 16. h3 Be8 17. Bf3 Nxd4 18. exd4 e6 19. Ne4 Nxe4 20. Bxe4 Qc7 21. Qg5 h6 22. Qg3 Bc6 23. Bd3 Qe7 24. Ba3 Qg5 25.
Qxg5 hxg5 26. Be2 Bf6 27. d5 exd5 28. cxd5 Bd7 29. Rxc8 Bxc8 30. Rc1 Be7 31. Rc7 Kf8 32. Bg4 f5 33. Be2 b5 34. Bb4 Re8 35. a4 bxa4 36.
bxa4 Kg8 37. Bd3 Kf8 38. a5 Kg8 39. Rc6 Bd7 40. Rxa6 Bf6 41. Ra7 Ba4 42. Ra6 Be5 43. Bxd6 Bd4 44. Rb6 Re1+ 45. Kh2 Re8 46. Rb8 Kf7 47.
Rxe8 Kxe8 48. a6 Kd7 49. Bb8 Bb3 50. a7 Bxd5 51. Be2 Kc8 52. Bf3 Bxf3 53. gxf3 Kb7 54. Kg3 Bxa7 55. f4 Bxb8 56. Kf3 Bxf4 57. h4 Kc6 58. hxg5 Bxg5 59. Kg3 Kd5 60. f3 Bf6 61. f4 Ke4 62. Kh3 Be7 63. Kh2 Kxf4 64. Kh3 g5 65.
Kh2 g4 66. Kg2 g3 67. Kh1 Kg4 68. Kg1 f4 69. Kh1 f3 70. Kg1 Kh3 71. Kh1 g2+ 72.
Kg1 Bc5# 0-1

[Event "*** Titled Tuesday 3|2 Blitz (Early)"]
[Site "Chess.com"]
[Date "2016.12.06"]
[Round "4"]
[White "Grootneus"]
[Black "FearlessKing64"]
[Result "0-1"]
[WhiteElo "2080"]
[BlackElo "1992"]
[TimeControl "180+2"]
[EndTime "11:50:19 PST"]
[Termination "FearlessKing64 won by resignation"]

1. e4 c5 2. b4 b6 3. bxc5 bxc5 4.
Nc3 g6 5. f4 Bg7 6. Rb1 e6 7.
Nf3 Ne7 8. g3 O-O 9. Bg2 Nbc6 10. O-O d5 11. Bb2 Ba6 12. d3 Rb8 13. Ba1 Qa5 14.
exd5 exd5 15. Ne5 Nxe5 16. fxe5 d4 17. Rxb8 Rxb8 18. Qf3 Nf5 19. Nd5 Bb7 20. g4 Bxd5 21.
Qxd5 Nh6 22. Bxd4 Rd8 23. Qxc5 Qa4 24. Bc3 Qxg4 25. Qc7 Qd7 26. Qxd7 Rxd7 27. d4 Nf5 28. Bb2 Ne3 29. Rf3 Nxc2 30. Rd3 Bf8 31. d5 Bc5+ 32. Kf1 Ne3+ 33. Kf2 Nxd5+ 34. Kg3 Nb6 35. Rxd7 Nxd7 36. Bd5 Kf8 37. e6 fxe6 38. Bxe6 Bd6+ 39. Kg2 Nc5 40.
Bc4 Ke7 41. h4 Ne4 42. Bd5 Nf6 43. Kh3 Nxd5 44. Kg4 Bf4 45. h5 g5 46. Kf5 Kf7 47.
h6 Ne7+ 48. Kg4 Kg6 49. Bg7 Nf5 50. Bf8 Nxh6+ 51. Kf3 Nf5 52. Bc5 a6 53. Bb6 h5 0-1

[Event "*** Titled Tuesday 3|2 Blitz (Early)"]
[Site "Chess.com"]
[Date "2016.12.06"]
[Round "4"]
[White "Zhani-Z"]
[Black "BjarkeSahl"]
[Result "1-0"]
[WhiteElo "2279"]
[BlackElo "2149"]
[TimeControl "180+2"]
[EndTime "11:50:24 PST"]
[Termination "Zhani-Z won by resignation"]

1. d4 Nf6 2. c4 e6 3. Nc3 Be7 4. e4 O-O 5. Nf3 d5 6. e5 Ne4 7. Bd3 Nxc3 8. bxc3 dxc4 9. Bxc4 c5 10.
h4 Nc6 11. Bd3 h6 12. Qe2 cxd4 13. Qe4 g6 14. cxd4 Nb4 15. Bxh6 Nxd3+ 16. Qxd3 Bd7 17.
h5 Qa5+ 18. Bd2 Qb5 19. Qe4 Bc6 20. Qg4 Qd3 21. hxg6 Qe4+ 22. Qxe4 Bxe4 23. gxf7+ Rxf7 24. Rc1 Bc6 25. Rh6 Ba3 26. Rc3 Bb4 27. Rc4 Bxd2+ 28.
Nxd2 Bd5 29. Rc2 Raf8 30. f3 Rg7 31. Kf2 Rd8 32. g4 Rf7 33. Ke3 Bc6 34. f4 Rfd7 35.
Nb3 Rg7 36. g5 Kf7 37. Rf6+ Ke7 38. Rh6 Rf8 39. Nc5 Bd5 40. Ne4 Bc6 41. Nf6 Rd8 42. g6 a5 43. Rch2 a4 44. Rh7 1-0

[Event "*** Titled Tuesday 3|2 Blitz (Early)"]
[Site "Chess.com"]
[Date "2016.12.06"]
[Round "4"]
[White "Generalas"]
[Black "norwaytoadog"]
[Result "1-0"]
[WhiteElo "2209"]
[BlackElo "1925"]
[TimeControl "180+2"]
[EndTime "11:50:24 PST"]
[Termination "Generalas won on time"]

1. Nf3 Nc6 2. g3 e5 3. Bg2 Nf6 4. O-O d5 5. d4 e4 6. Ne1 Be7 7. f3 O-O 8. Be3 Bf5 9. Nd2 h5 10. c4 Qd7 11. fxe4 dxe4 12. d5 Ne5 13. Bd4 Neg4 14.
Nc2 Rfe8 15. e3 c5 16. dxc6 bxc6 17.
h3 Nh6 18. Kh2 h4 19. g4 Qd6+ 20. Rf4 g5 21. Bxf6 Bxf6 22. Nxe4 Qxd1 23. Nxf6+ Kh8 24. Rxd1 gxf4 25. Nxe8 Bxc2 26. Rd2 Bg6 27. Nf6 fxe3 28. Re2 Kg7 29. Nd7 Re8 30. Bxc6 Bd3 31. Re1 e2 32. Bf3 Bxc4 33. b3 Bb5 34. Nc5 Rd8 35. Kg2 Rd1 36. Kf2 Rxe1 37. Kxe1 Kf6 38. Bxe2 Bc6 39. Kf2 Ke5 40.
Nd3+ Kd4 41. Nf4 Kc3 42. Ng2 f5 43. g5 Ng8 44. Nxh4 Be4 45. Bf3 Bb1 46. Ke3 Kb2 47. Bd5 Kxa2 48. Bxg8 Ka3 49. Kf4 Kb4 50. Nxf5 Kc5 51.
g6 a5 52. g7 Kc6 53. Bf7 1-0

[Event "*** Titled Tuesday 3|2 Blitz (Early)"]
[Site "Chess.com"]
[Date "2016.12.06"]
[Round "4"]
[White "VitaliyBernadskiy"]
[Black "platy3"]
[Result "1/2-1/2"]
[WhiteElo "2578"]
[BlackElo "2696"]
[TimeControl "180+2"]
[EndTime "11:50:30 PST"]
[Termination "Game drawn by repetition"]

1. e4 c5 2. Nf3 e6 3. d4 cxd4 4. Nxd4 a6 5. c4 Nf6 6. Nc3 Qc7 7. Be2 b6 8. O-O Bb7 9. Qd3 Be7 10.
f4 d6 11. Be3 Nbd7 12. b4 Rd8 13. Nb3 h5 14. h3 Qb8 15. Bf3 Qa8 16. a4 g5 17. fxg5 Ne5 18. Qe2 Nxe4 19. Nxe4 Bxe4 20. Bxb6 Bxf3 21. gxf3 Rb8 22. a5 Bxg5 23. f4 Bh4 24. Kh2 Rg8 25. Rg1 Nf3+ 26. Qxf3 Qxf3 27. Rxg8+ Ke7 28.
Rxb8 Qxf4+ 29. Kh1 Qf3+ 30. Kh2 Qg3+ 31. Kh1 Qxh3+ 32. Kg1 Qg3+ 33. Kh1 Qxb3 34. Rf1 f5 35. Bd8+ Kd7 36. Bxh4 Qxc4 37. Kg2 Qg4+ 38. Bg3 h4 39. b5 Qxg3+ 40. Kh1 Qh3+ 41. Kg1 Qe3+ 42. Kh1 h3 43. Rg1 Qf3+ 44. Kh2 Qf2+ 45. Kh1 axb5 46. a6 Kc6 47. Rc1+ Kd7 48. Rb7+ Kd8 49. Rg1 Qf3+ 50. Kh2 Qf2+ 51. Kh1 Qf3+ 52. Kh2 Qf2+ 53. Kh1 1/2-1/2

[Event "*** Titled Tuesday 3|2 Blitz (Early)"]
[Site "Chess.com"]
[Date "2016.12.06"]
[Round "4"]
[White "RamonManon0g"]
[Black "Nachsueb"]
[Result "1-0"]
[WhiteElo "2288"]
[BlackElo "2063"]
[TimeControl "180+2"]
[EndTime "11:50:32 PST"]
[Termination "RamonManon0g won on time"]

1. d4 Nf6 2. Bg5 e6 3. e4 h6 4. Bxf6 Qxf6 5. c3 c5 6. Nf3 d5 7. Nbd2 Nc6 8. Bb5 Bd7 9. O-O cxd4 10. cxd4 dxe4 11. Nxe4 Qg6 12. Nc5 Bxc5 13. dxc5 O-O-O 14. Qa4 Kb8 15. Rad1 a6 16. Bxa6 Ne5 17. Nxe5 Bxa4 18.
Nxg6 Bxd1 19. Nxh8 Bh5 20. Nxf7 Bxf7 21. Bc4 Rd4 22.
b3 Rd2 23. a4 Kc7 24. Re1 Rb2 25. g3 Kc6 26. Re5 Bg8 27. Kg2 Bf7 28. h4 Bg8 29. g4 Bf7 30. g5 hxg5 31. Rxg5 g6 32. Kg3 Rd2 33. Re5 Bg8 34. Bxe6 Bxe6 35. Rxe6+ Kxc5 36. Rxg6 Rd3+ 37. f3 Rxb3 38. Rg5+ Kd6 39. Rb5 Ra3 40.
Rxb7 Rxa4 41. Rf7 Ke6 42. Rf4 Ra1 43. h5 Rh1 44. Rh4 Rg1+ 45. Kf4 Kf6 46. h6 Rg8 47. h7 Rh8 48. Ke4 Kg5 49. Rh1 Re8+ 50. Kd5 Rh8 51. Ke5 Re8+ 52. Kd6 Rh8 53. Ke7 Kg6 54. f4 Kf5 55. Kf7 1-0

[Event "*** Titled Tuesday 3|2 Blitz (Early)"]
[Site "Chess.com"]
[Date "2016.12.06"]
[Round "4"]
[White "macko06"]
[Black "Wolverine_master"]
[Result "0-1"]
[WhiteElo "2260"]
[BlackElo "2032"]
[TimeControl "180+2"]
[EndTime "11:50:40 PST"]
[Termination "Wolverine_master won by checkmate"]

1. d4 Nf6 2. c4 e6 3. Nc3 d5 4. cxd5 exd5 5. Bg5 c6 6. e3 Be7 7.
Bd3 Bg4 8. Qc2 Nbd7 9. Nge2 Rc8 10. O-O O-O 11. Rad1 Ne4 12. Bxe7 Qxe7 13. Bxe4 dxe4 14. h3 Bh5 15. Nf4 Bxd1 16. Rxd1 Nf6 17. Qa4 a6 18. Qb3 Rfd8 19. Rc1 h6 20. Nfe2 c5 21. Qb6 cxd4 22.
Nxd4 Qc7 23. Qb3 b5 24. a4 Qc4 25. Qd1 bxa4 26. Nce2 Qd3 27. Qf1 Qd2 28. Rb1 Nd5 29. Nf5 Rc2 30. Neg3 Qb4 31. Rd1 Rxb2 32. Qxa6 a3 33.
Nh5 Rb1 34. Qe2 Rxd1+ 35. Qxd1 a2 36. Kh2 Qb1 37. Qg4 a1=Q 38. Nhxg7 Qh1+ 39. Kg3 Qe5+ 40. Kh4 Qf6+ 41. Kg3 Qg6 42. Nh5 Qxg4+ 43. hxg4 Kh7 44.
Nh4 Rb8 45. Nf5 Rb3 46. Nhg7 Qe1 47. Nh5 Nxe3 48. Nf6+ Kh8 49. Nxh6 Nf5+ 50. Kf4 Nxh6 51. Kg5 Qd2+ 52. Kh5 Rb5+ 53. Kh4 Qg5+ 54. Kg3 Qxf6 55. f3 exf3 56. gxf3 Rb3 57. Kh3 Qxf3+ 58. Kh4 Qf6+ 59. Kh5 Rb5+ 60. g5 Qxg5# 0-1

[Event "*** Titled Tuesday 3|2 Blitz (Early)"]
[Site "Chess.com"]
[Date "2016.12.06"]
[Round "4"]
[White "Ar4uha"]
[Black "Lector118"]
[Result "1-0"]
[WhiteElo "2446"]
[BlackElo "2327"]
[TimeControl "180+2"]
[EndTime "11:50:44 PST"]
[Termination "Ar4uha won by resignation"]

1. e4 e6 2. c4 c5 3. Nf3 Nf6 4. Nc3 Nc6 5. Be2 e5 6. O-O d6 7. a3 Be7 8. b4 cxb4 9. axb4 Nxb4 10. Ba3 Nc6 11. d3 O-O 12. Nd2 Nd4 13. Nb3 Nc6 14. Nd5 Be6 15. Qd2 Re8 16. Rfb1 Bf8 17. Bb2 Qd7 18. Bc3 b6 19. Nxf6+ gxf6 20. f4 Bh6 21. g3 f5 22. Rf1 fxe4 23. dxe4 Bh3 24. Rf2 Kh8 25. Rd1 Rad8 26. Bb2 f6 27. Qd3 Be6 28. Nd2 Bg7 29. Nf1 Qb7 30. Ne3 Nb4 31. Qb3 a5 32. Nd5 Nxd5 33. exd5 Bg8 34. Rdf1 e4 35. Bh5 Bf7 36. Bg4 Bg6 37. f5 Bf7 38. Bd4 Rb8 39. Re1 b5 40. Rb1 b4 41. Ra2 Qa6 42. Be2 Qa8 43. Rba1 Qb7 44. Rxa5 Qd7 45.
Ra7 Rb7 46. Qxb4 Rxa7 47. Rxa7 Qxf5 48. Rxf7 e3 49. Qe1 Qe4 50. Ba1 Re7 51. Rxe7 Qxe7 52. Bd3 Bh6 53. Qf1 Kg7 54. Qf3 e2 55. Qxe2 Qa7+ 56.
Kg2 Be3 57. Qg4+ Kf8 58. Bxf6 Qa2+ 59. Kh3 Qd2 60. Qg7+ 1-0

[Event "*** Titled Tuesday 3|2 Blitz (Early)"]
[Site "Chess.com"]
[Date "2016.12.06"]
[Round "4"]
[White "Andrejkin"]
[Black "Rating-Schmating"]
[Result "0-1"]
[WhiteElo "2182"]
[BlackElo "2222"]
[TimeControl "180+2"]
[EndTime "11:50:54 PST"]
[Termination "Rating-Schmating won by checkmate"]

1. e4 e6 2. d4 d5 3. Nc3 Bb4 4. exd5 exd5 5. Bd3 Ne7 6. Nf3 Bg4 7.
O-O c6 8. Re1 Bh5 9. a3 Bd6 10. h3 Bg6 11. Ne5 Bxd3 12. Nxd3 Nd7 13. Bg5 f6 14. Qh5+ g6 15. Qh6 fxg5 16. Qg7 Rf8 17.
Qxh7 Qc7 18. Qxg6+ Kd8 19. Qxg5 Nf6 20. Ne5 Bxe5 21.
Rxe5 Rc8 22. Rae1 Nfg8 23. h4 Qd7 24. h5 Kc7 25. h6 Rf5 26. Qg7 Rxe5 27. Rxe5 Nf5 28.
Qxd7+ Kxd7 29. Rxf5 Nxh6 30. Rh5 Ng4 31. Rh7+ Kd6 32.
Rxb7 Re8 33. g3 Re1+ 34. Kg2 Rc1 35. Rxa7 Rxc2 36. Rb7 Rxf2+ 37. Kh3 Ne3 38. g4 Rf3+ 39. Kh4 Rf4 40. Kh5 Rxg4 41. a4 Rg8 42. Rb6 Nc4 43.
Nb5+ Kd7 44. Rb7+ Ke6 45. Nc7+ Kf5 46. Kh6 Nd6 47. Rb6 Rg6+ 48. Kh7 Ne4 49. Nxd5 Ng5+ 50. Kh8 Rh6+ 51. Kg7 Rh7+ 52. Kg8 cxd5 53. Rb5 Rd7 54. a5 Kf6 55. Rb6+ Ne6 56. a6 Ra7 57. Rb7 Rxa6 58. Kh7 Ra1 59. b4 Ng5+ 60. Kg8 Ra8+ 61. Rb8 Rxb8# 0-1

[Event "*** Titled Tuesday 3|2 Blitz (Early)"]
[Site "Chess.com"]
[Date "2016.12.06"]
[Round "4"]
[White "AmazingAtlas"]
[Black "kleinebeer98"]
[Result "0-1"]
[WhiteElo "2300"]
[BlackElo "2481"]
[TimeControl "180+2"]
[EndTime "11:51:02 PST"]
[Termination "kleinebeer98 won by checkmate"]

1. e4 e5 2. Nf3 Nc6 3. Bb5 f5 4. d3 fxe4 5. dxe4 Nf6 6. O-O d6 7. Nc3 Be7 8. Bc4 Na5 9. Qd3 Nxc4 10. Qxc4 Qd7 11. Ng5 Bd8 12. f4 exf4 13. Bxf4 h6 14. e5 hxg5 15. exf6 Bxf6 16. Rae1+ Kd8 17. Bg3 b5 18.
Qe4 Rb8 19. Qg6 Bd4+ 20. Kh1 Qg4 21. Ne4 Bd7 22. Nxg5 Kc8 23. Rf3 Bc6 24. Qf5+ Qxf5 25.
Rxf5 Bxb2 26. Rf7 Re8 27. Ne6 Bd7 28. Nxg7 Rxe1+ 29. Bxe1 Bc6 30. h4 Bd5 31. Rf8+ Kb7 32. Rxb8+ Kxb8 33. Nf5 Bxa2 34. h5 Bg8 35. g4 Bf6 36.
Bd2 Bd5+ 37. Kh2 c5 38. g5 Bh8 39. g6 Be4 40. g7 Bxg7 41. Nxg7 Bxc2 42. Bf4 Kc7 43.
Ne8+ Kc6 44. Nxd6 b4 45. Nc4 Kb5 46. Ne3 Bh7 47. Ng4 b3 48. Nf6 Bf5 49. Be5 a5 50. Kg3 a4 51. Kf4 a3 52. Kxf5 b2 53. Nd5 b1=Q+ 54.
Kf6 Qf1+ 55. Nf4 a2 56. h6 a1=Q 57. Bxa1 Qxf4+ 58. Kg7 Qg5+ 59. Kh7 c4 60. Bg7 Kc6 61. Kg8 Qd5+ 62. Kf8 Qf5+ 63. Kg8 Qe6+ 64. Kf8 Kd7 65. h7 Qe8# 0-1

[Event "*** Titled Tuesday 3|2 Blitz (Early)"]
[Site "Chess.com"]
[Date "2016.12.06"]
[Round "4"]
[White "bilelou"]
[Black "Morshynska"]
[Result "1/2-1/2"]
[WhiteElo "2344"]
[BlackElo "2137"]
[TimeControl "180+2"]
[EndTime "11:51:04 PST"]
[Termination "Game drawn - insufficient material"]

1. d4 Nf6 2. c4 e6 3. Nf3 b6 4. g3 Bb7 5. Bg2 Be7 6. O-O O-O 7.
Re1 Na6 8. a3 d5 9. Ne5 c5 10.
dxc5 bxc5 11. Nc3 Nc7 12. Bf4 Nh5 13. Bd2 Qd6 14. Nd3 Rfd8 15. cxd5 exd5 16. Nf4 Nf6 17. Rc1 Rac8 18. Qa4 Qb6 19. b4 Bc6 20. Qb3 c4 21. Qb1 d4 22. Ne4 Bxe4 23. Bxe4 Nxe4 24. Qxe4 Ne6 25.
Nxe6 Qxe6 26. Qxe6 fxe6 27. Bf4 Bf6 28. Red1 e5 29. Bd2 c3 30. Be1 e4 31. f3 d3 32.
exd3 exd3 33. Kg2 d2 34. Bxd2 cxd2 35. Rxc8 Rxc8 36. Rxd2 Rc7 37. a4 Rb7 38. b5 Kf7 39. f4 h5 40. Kf3 Ke6 41. h3 Rd7 42. Re2+ Kd5 43. f5 Kc4 44. g4 hxg4+ 45. hxg4 Kb4 46. Re6 Kxa4 47. b6 axb6 48. Rxb6 Ka5 49. Rb1 Rd3+ 50. Kf4 Rd4+ 51. Kf3 Rd3+ 52. Ke4 Rg3 53. Kf4 Rg2 54. Rb7 Rb2 55. Rxb2 Bxb2 56. g5 Kb5 57. Kg4 Kc6 58. f6 gxf6 59. g6 f5+ 60. Kxf5 Bg7 61.
Ke6 Bc3 62. Kf7 Kd7 63. Kg8 Ke8 64. Kh7 Kf8 65. g7+ Bxg7 1/2-1/2

[Event "*** Titled Tuesday 3|2 Blitz (Early)"]
[Site "Chess.com"]
[Date "2016.12.06"]
[Round "4"]
[White "stuffings101"]
[Black "FrankieJay"]
[Result "1/2-1/2"]
[WhiteElo "2172"]
[BlackElo "2208"]
[TimeControl "180+2"]
[EndTime "11:51:06 PST"]
[Termination "Game drawn by repetition"]

1. Nf3 Nf6 2. g3 g6 3. Bg2 Bg7 4. O-O O-O 5. d3 d5 6. c3 c6 7. Nbd2 Nbd7 8. e4 e5 9. Re1 Re8 10. b4 a5 11. Bb2 axb4 12. cxb4 Qb6 13. a3 h6 14. h3 Kh7 15. exd5 Nxd5 16. Nc4 Qc7 17.
Rc1 N5b6 18. Qc2 Nxc4 19. dxc4 Nf8 20. h4 Bf5 21. Qb3 Rad8 22. Rcd1 Bg4 23. Rxd8 Qxd8 24. Nxe5 Nd7 25. Nf3 Bxf3 26. Rxe8 Qxe8 27. Bxf3 Qe1+ 28. Kg2 Ne5 29. Qc3 Qxc3 30. Bxc3 Nxf3 31. Bxg7 Nxh4+ 32. gxh4 Kxg7 33. a4 Kf6 34. a5 Ke5 35. b5 cxb5 36. cxb5 Kd6 37. a6 bxa6 38. bxa6 Kc6 39. Kf3 Kb6 40. Ke4 Kxa6 41. Ke5 Kb6 42. Kf6 h5 43. Kxf7 g5 44. hxg5 h4 45. g6 h3 46. g7 h2 47.
g8=Q h1=Q 48. Qb8+ Kc5 49. Qe5+ Kc4 50. f4 Qh7+ 51. Ke6 Qg8+ 52. Kf6 Qf8+ 53. Ke6 Qg8+ 54. Kd7 Qf7+ 55. Kc6 Qg6+ 56. Kb7 Qf7+ 57. Kc6 Qg6+ 58. Kd7 Qf7+ 59. Kd6 Qf8+ 60. Ke6 Qg8+ 1/2-1/2

[Event "*** Titled Tuesday 3|2 Blitz (Early)"]
[Site "Chess.com"]
[Date "2016.12.06"]
[Round "4"]
[White "josiwales"]
[Black "MateusViageiro"]
[Result "1-0"]
[WhiteElo "2252"]
[BlackElo "2257"]
[TimeControl "180+2"]
[EndTime "11:51:07 PST"]
[Termination "josiwales won by resignation"]

1. e4 c5 2. Nc3 d6 3. g3 Nf6 4.
Bg2 g6 5. d3 Bg7 6. f4 O-O 7.
Nf3 a6 8. O-O Qc7 9. h3 Nc6 10.
g4 Rb8 11. f5 b5 12. g5 Nd7 13. Nd5 Qd8 14. h4 Bb7 15. c3 e6 16. f6 exd5 17. fxg7 Kxg7 18. exd5 Nce5 19. Nxe5 Nxe5 20. Bf4 f6 21.
Bxe5 fxe5 22. c4 Bc8 23. b3 Bf5 24. Qd2 Qd7 25. Rf2 Bh3 26. Bf3 Rxf3 27. Rxf3 Qg4+ 28. Kf2 Qxh4+ 29. Kg1 Qg4+ 30. Kf2 Qg2+ 31. Ke3 Qxg5+ 32. Ke2 Qg2+ 33. Ke3 Qg5+ 34. Ke2 Qh5 35. Rh1 Qg4 36. Rxh3 Qg2+ 37. Kd1 Qg1+ 38. Kc2 h5 39. Kb2 bxc4 40. dxc4 a5 41. Qf2 Qg5 42. Rhg3 Qe7 43. Qg1 Qe8 44.
Rxg6+ Qxg6 45. Rg3 Qxg3 46. Qxg3+ Kh6 47. Qh4 Rg8 48. a3 Rg5 49. b4 cxb4 50. axb4 axb4 51. c5 dxc5 52. d6 c4 53. d7 c3+ 54. Kb3 c2 55.
d8=Q c1=Q 56. Qf6+ Kh7 57. Qhxg5 Qc3+ 58. Ka4 Qa3+ 59.
Kb5 Qd3+ 60. Kc6 Qc4+ 61. Kd7 Qd5+ 62. Qd6 Qb5+ 63. Ke7 Qb7+ 64. Qd7 1-0

[Event "*** Titled Tuesday 3|2 Blitz (Early)"]
[Site "Chess.com"]
[Date "2016.12.06"]
[Round "4"]
[White "MyleneFarmer"]
[Black "Holden-Caulfield"]
[Result "0-1"]
[WhiteElo "2378"]
[BlackElo "2479"]
[TimeControl "180+2"]
[EndTime "11:51:09 PST"]
[Termination "Holden-Caulfield won by resignation"]

1. e4 d6 2. d4 Nf6 3. Nc3 e5 4. Nf3 Nbd7 5. Bc4 Be7 6. O-O O-O 7. Re1 c6 8. a4 a5 9. h3 exd4 10. Nxd4 Nc5 11. Qf3 Be6 12. Bxe6 fxe6 13. Qg3 d5 14. exd5 exd5 15. Bh6 Rf7 16. Nf5 Bf8 17. Bg5 Kh8 18.
Qh4 Qd7 19. Ng3 Ne6 20. Rad1 Nxg5 21. Qxg5 Bc5 22. Rd2 Raf8 23. Rde2 Ng8 24. Nd1 h6 25. Qd2 Qc7 26. Kh2 Bd6 27. Qd3 Nf6 28. Kh1 Nd7 29. Nf5 Rxf5 30. Re8 Rf7 31. Qg6 Nf6 32.
R8e6 Ne4 33. R1xe4 dxe4 34. Rxd6 Rd7 35. Rxd7 Qxd7 36.
Ne3 Qf7 37. Qxe4 Qxf2 38. Ng4 Qf1+ 39. Kh2 Qf4+ 40. Qxf4 Rxf4 41. b3 Re4 42. Nf2 Re2 43. Nd3 Rxc2 44. Ne5 Rc3 45. Nc4 Rxb3 46. Nxa5 Rb4 47.
Kg3 Rxa4 48. Nxb7 g6 49. Nd8 Rc4 50. Kf3 Kg7 51. Ke3 Rc1 52. Ne6+ Kf6 53. Nf4 g5 54. Nd3 Rg1 55. Kf2 Ra1 56. Nc5 Ke5 57. Nd3+ Kd4 58.
Nb4 Rc1 59. Ke2 c5 60. Nc6+ Ke4 61. Kd2 Rg1 62. g4 Rg3 63. Ne7 Rxh3 64. Nf5 Kf4 65. Ng7 Kxg4 0-1

[Event "*** Titled Tuesday 3|2 Blitz (Early)"]
[Site "Chess.com"]
[Date "2016.12.06"]
[Round "4"]
[White "Astaneh"]
[Black "avto24"]
[Result "1/2-1/2"]
[WhiteElo "2455"]
[BlackElo "2302"]
[TimeControl "180+2"]
[EndTime "11:51:19 PST"]
[Termination "Game drawn - insufficient material"]

1. d4 d5 2. c4 c6 3. Nf3 Nf6 4. Nc3 e6 5. e3 Nbd7 6. Bd2 Bd6 7. Rc1 O-O 8. Bd3 dxc4 9. Bxc4 b5 10.
Bb3 a6 11. O-O c5 12. a4 c4 13. Bc2 Qb6 14. e4 e5 15. Bg5 b4 16. dxe5 bxc3 17.
exd6 cxb2 18. Rb1 Bb7 19. Re1 Rfe8 20. e5 Bxf3 21. Qxf3 Nxe5 22. Rxe5 Rxe5 23. Bxf6 gxf6 24. Qxa8+ Kg7 25. d7 Re2 26. Rf1 Rd2 27. Bf5 c3 28. Qc8 Qd4 29. g3 Rd1 30. Rxd1 Qxd1+ 31. Kg2 Qd5+ 32. f3 Qxf5 33. d8=Q Qxc8 34. Qxc8 b1=Q 35. Qxc3 Qa2+ 36. Kh3 Qxa4 37. Qc7 Qb5 38. f4 a5 39. Kg4 h5+ 40. Kh4 a4 41. Qa7 Qe2 42. h3 Qb5 43. Qa8 Qb3 44. Qa5 a3 45. Qxh5 a2 46. Qg4+ Kf8 47.
Qc8+ Ke7 48. Qc7+ Ke6 49. Qc6+ Kf5 50. Qa6 Ke4 51. Qxf6 Kf3 52. g4 Kg2 53. Kg5 Kxh3 54.
Qh6+ Kg3 55. Qf6 Qa3 56. Qa1 Qa5+ 57. f5 Qd2+ 58. Kf6 Qa5 59. g5 Kg4 60. Qg1+ Kf3 61. Qf1+ Ke4 62. Qh1+ Kd3 63. Qa1 Kc2 64. g6 fxg6 65.
fxg6 Qc3+ 66. Qxc3+ Kxc3 67. g7 a1=Q 68. g8=Q Kd3+ 69.
Kf7 Qa2+ 70. Kg7 Qxg8+ 71. Kxg8 1/2-1/2

[Event "*** Titled Tuesday 3|2 Blitz (Early)"]
[Site "Chess.com"]
[Date "2016.12.06"]
[Round "4"]
[White "Genghis_K"]
[Black "Kouzari"]
[Result "1/2-1/2"]
[WhiteElo "2669"]
[BlackElo "2481"]
[TimeControl "180+2"]
[EndTime "11:52:11 PST"]
[Termination "Game drawn - insufficient material"]

1. d4 Nf6 2. Bf4 e6 3. e3 c5 4. Nf3 Qb6 5. Nc3 a6 6. Rb1 Nc6 7.
d5 exd5 8. Nxd5 Nxd5 9. Qxd5 Be7 10. c3 O-O 11. Bc4 d6 12. Qh5 Be6 13. Bxe6 fxe6 14.
O-O d5 15. Qg4 Nd8 16. Be5 Bf6 17. b4 cxb4 18. Rxb4 Qc6 19. Rfb1 Bxe5 20. Nxe5 Qxc3 21. Qg3 b5 22. a4 Nc6 23. Nxc6 Qxc6 24. axb5 axb5 25. h3 Rab8 26. Qe5 Rb7 27. h4 h6 28. h5 Rf5 29. Qh2 e5 30. Rg4 Rxf2 31. Qxe5 Rff7 32.
Ra1 Rbe7 33. Qd4 Qe6 34. Rg3 Qe5 35. Ra8+ Kh7 36. Qg4 Re8 37. Qg6+ Kg8 38. Rxe8+ Qxe8 39. Qd6 Qe4 40. Qd8+ Rf8 41. Qd7 Rf7 42. Qxb5 Qe5 43. Rh3 Rf5 44. Qe2 Rg5 45. Qf3 Qa1+ 46. Kh2 Qe5+ 47. Qf4 Rxh5 48. Qxe5 Rxe5 49. Kg1 Kf7 50. Kf2 Ke6 51. Rh1 Re4 52. Ra1 Kf5 53. Kf3 g5 54. Ra8 g4+ 55. Kf2 h5 56. Rf8+ Kg5 57. g3 Re6 58. Rg8+ Rg6 59. Rd8 Rf6+ 60. Kg2 Rf5 61. Re8 Kg6 62. e4 Kf7 63. Ra8 dxe4 64. Ra4 e3 65.
Re4 Rf3 66. Re5 Kg6 67. Kh2 Kf6 68. Re8 Kf5 69. Kg2 Kf6 70. Rf8+ Kg5 71. Rxf3 gxf3+ 72. Kxf3 e2 73. Kxe2 Kg4 74. Kf2 Kh3 75. Kf3 Kh2 76. Kf2 Kh3 77. Kf3 Kh2 78. g4 hxg4+ 79. Kxg4 1/2-1/2